 Dungeon Sprint DCSS version 0.23.2-1-ga50397a6bc (webtiles) character file.

Game seed: 16245784806857019115

1732 Kobolds4U the Carver (level 8, 0/72 HPs)
             Began as a Demonspawn Berserker on May 21, 2019.
             Was an Elder of Trog.
             Slain by a demonic crawler (5 damage)
             ... in the Dungeon (Sprint I: "Red Sonja").
             The game lasted 00:03:20 (1305 turns).

Kobolds4U the Carver (Demonspawn Berserker)         Turns: 1305, Time: 00:03:20

Health: 0/72       AC:  8    Str: 14 (17) XL:     8   Next: 76%
Magic:  0/8        EV: 13    Int:  5 (8)  God:    Trog [****..]
Gold:   348        SH:  0    Dex: 13 (16) Spells: 7/7 levels left

rFire    . . .     SeeInvis .   a - +0 falchion
rCold    . . .     Gourm    .   (no shield)
rNeg     . . .     Faith    .   m - +0 scale mail
rPois    .         Spirit   +   (no helmet)
rElec    .         Reflect  .   (no cloak)
rCorr    .         Harm     .   (no gloves)
MR       .....     NoTele   +   (no boots)
Stlth    ..........             (no amulet)
HPRegen  0.22/turn              (no ring)
MPRegen  0.22/turn              (no ring)

@: berserk cooldown, slowed, very slow
A: talons 2, slimy green scales 1, magic shield, magic regeneration, rot
immunity
a: Berserk, Trog's Hand, Brothers in Arms, Renounce Religion


You were in the Dungeon.
You worshipped Trog.
Trog was greatly pleased with you.
You were near starving.

You visited 1 branch You collected 423 gold pieces.
You spent 75 gold pieces at shops.

Inventory:

Hand Weapons
 a - a +0 falchion (weapon)
Armour
 j - a +0 leather armour
 m - a +0 scale mail (worn)
Wands
 l - a wand of polymorph (10)
Scrolls
 k - a scroll of enchant weapon
Potions
 d - a potion of curing
 g - 2 potions of magic
 h - a potion of berserk rage


   Skills:
 + Level 10.0 Fighting
 * Level 13.7 Long Blades
 - Level 1.7 Armour
 + Level 7.9 Dodging


You had 7 spell levels left.
You didn't know any spells.
Your spell library was empty.

Dungeon Overview and Level Annotations

Branches:
Dungeon (1/1)

Altars:
Cheibriados
Dithmenos
Elyvilon
Fedhas
Gozag
Hepliaklqana
Kikubaaqudgha
Makhleb
Nemelex Xobeh
Okawaru
Qazlal
Ru
Sif Muna
Trog
Uskayaw
Vehumet
Wu Jian
Xom
Yredelemnul
Zin
The Shining One
Jiyva
Lugonu

Shops:
D ?


Innate Abilities, Weirdness & Mutations

You have razor-sharp toenails.
You are partially covered in slimy green scales. (AC +2)
When hurt, damage is shared between your health and your magic reserves.
You regenerate magic rapidly.
You are immune to rotting.


Message History

a +0 scythe; a +0 robe Your skin stops crawling.
You feel less resistant to hostile enchantments.
The demonic crawler closely misses you. The demonic crawler misses you.
The demonic crawler hits you but does no damage. x3
The demonic crawler barely misses you. The demonic crawler closely misses you.
The demonic crawler hits you but does no damage.
The demonic crawler hits you.
* * * LOW HITPOINT WARNING * * *
It was a potion of degeneration.
There was something very wrong with that liquid.
You feel weakened.
You feel dopey.
You feel clumsy.
The demonic crawler hits you but does no damage.
The demonic crawler closely misses you.
The demonic crawler hits you but does no damage.
The demonic crawler closely misses you. The demonic crawler barely misses you.
The demonic crawler hits you.
* * * LOW HITPOINT WARNING * * *
The demonic crawler hits you.
You die...

##########################
#<.#.[)..#.s'.†#__#..')..#
#..'..#..'@s#..†..'..#)..##
#..#####'#####'#__####...'.
#..####..#...#.#### #####.
#..#__####..##.#
#..#_____##'#_.+
#⌠⌠#_.∩...'..._#
####_..__##_.#'#
#_____###+#.# ####### ###


You could see 2 demonic crawlers.

Vanquished Creatures
  2 kobold demonologists (D)
  2 demonic crawlers (D)
  A slime creature (D)
  Sigmund (D)
  A yak (D)
  A floating eye (D)
  An ogre (D)
  A jelly (D)
  Ijyb (D)
11 creatures vanquished.

Notes
Turn   | Place    | Note
-------+----------+-------------------------------------------
     0 | D        | Kobolds4U the Demonspawn Berserker began the quest for the
                  | Orb.
     0 | D        | Reached XP level 1. HP: 18/18 MP: 1/1
     1 | D        | Noticed Ijyb
     9 | D        | Killed Ijyb
     9 | D        | Reached skill level 5 in Long Blades
     9 | D        | Gained mutation: You have sharp toenails. [demonic
                  | ancestry]
     9 | D        | Reached XP level 2. HP: 12/24 MP: 2/2
   149 | D        | Noticed an ogre
   152 | D        | Killed an ogre
   152 | D        | Reached skill level 5 in Fighting
   152 | D        | Reached skill level 7 in Long Blades
   152 | D        | Reached XP level 3. HP: 34/34 MP: 3/3
   152 | D        | Gained mutation: When hurt, damage is shared between your
                  | health and your magic reserves. [demonic ancestry]
   152 | D        | Reached XP level 4. HP: 40/40 MP: 4/4
   204 | D        | Noticed Sigmund
   213 | D        | Killed Sigmund
   213 | D        | Reached ** piety under Trog
   213 | D        | Reached skill level 9 in Long Blades
   213 | D        | Gained mutation: You are immune to rotting. [demonic
                  | ancestry]
   213 | D        | Reached XP level 5. HP: 21/49 MP: 0/5
   250 | D        | Found a burning altar of Makhleb.
   250 | D        | Found a viscous altar of Jiyva.
   250 | D        | Found a shimmering altar of Xom.
   250 | D        | Found a corrupted altar of Lugonu.
   250 | D        | Noticed a slime creature
   416 | D        | Found an ornate altar of the Wu Jian Council.
   416 | D        | Found a deep blue altar of Sif Muna.
   418 | D        | Found a radiant altar of Vehumet.
   421 | D        | Gained mutation: You regenerate magic rapidly. [demonic
                  | ancestry]
   421 | D        | Reached XP level 6. HP: 55/56 MP: 6/6
   457 | D        | Found Icuvixus's Magic Scroll Emporium.
   457 | D        | Found an ancient bone altar of Kikubaaqudgha.
   457 | D        | Found a hazy altar of Hepliaklqana.
   457 | D        | Found a stormy altar of Qazlal.
   457 | D        | Found a hide-covered altar of Uskayaw.
   457 | D        | Found a blossoming altar of Fedhas.
   457 | D        | Found a bloodstained altar of Trog.
   457 | D        | Found an iron altar of Okawaru.
   457 | D        | Found a basalt altar of Yredelemnul.
   457 | D        | Found a glowing golden altar of the Shining One.
   457 | D        | Found a snail-covered altar of Cheibriados.
   457 | D        | Found a sacrificial altar of Ru.
   457 | D        | Found a glowing silver altar of Zin.
   457 | D        | Found a shadowy altar of Dithmenos.
   457 | D        | Found a white marble altar of Elyvilon.
   457 | D        | Noticed a yak
   465 | D        | Killed a yak
   465 | D        | Reached skill level 10 in Long Blades
   466 | D        | Found an opulent altar of Gozag.
   467 | D        | Found a sparkling altar of Nemelex Xobeh.
   471 | D        | Bought a scroll of enchant weapon for 75 gold pieces
   563 | D        | HP: 2/56 [slime creature (6)]
   577 | D        | Killed a slime creature
   577 | D        | Reached *** piety under Trog
   577 | D        | Reached skill level 11 in Long Blades
   577 | D        | Reached skill level 5 in Dodging
   577 | D        | Gained mutation: You are partially covered in slimy green
                  | scales. (AC +2) [demonic ancestry]
   577 | D        | Reached XP level 7. HP: 12/62 MP: 3/7
   818 | D        | Noticed a kobold demonologist
   819 | D        | Noticed a kobold demonologist
   822 | D        | Reached skill level 12 in Long Blades
   838 | D        | Noticed a soul eater
   838 | D        | Killed a kobold demonologist
   841 | D        | Noticed a sun demon
   850 | D        | Noticed a chaos spawn
   856 | D        | Noticed a chaos spawn
   861 | D        | HP: 1/63 [sun demon[a kobold demonologist] (9)]
   868 | D        | Killed a kobold demonologist
   868 | D        | Reached **** piety under Trog
   868 | D        | Reached skill level 13 in Long Blades
   868 | D        | Gained mutation: You have razor-sharp toenails. [demonic
                  | ancestry]
   868 | D        | Reached XP level 8. HP: 35/71 MP: 1/8
  1054 | D        | Noticed a demonic crawler
  1054 | D        | Noticed a demonic crawler
  1054 | D        | Noticed a demonic crawler
  1054 | D        | Noticed a demonic crawler
  1291 | D        | Killed a demonic crawler
  1294 | D        | Killed a demonic crawler
  1294 | D        | Reached skill level 10 in Fighting
  1305 | D        | Slain by a demonic crawler

Skill      XL: |  1  2  3  4  5  6  7  8 |
---------------+-------------------------+-----
Long Blades    | 5 7 9 11 13 | 13.7
Fighting       | 5 8 9 10 | 10.0
Dodging        | 2 5 7 |  7.9
Armour         | |  1.7

Action                   |  1- 3 |  4- 6 |  7- 9 || total
-------------------------+-------+-------+-------++-------
Melee: Falchion          |     9 |    29 |    59 ||    97
       Kick              |     1 |    11 |    26 ||    38
Invok: Berserk           |     1 |     1 |     1 ||     3
       Trog's Hand       |       |     1 |     1 ||     2
       Brothers in Arms  |       |       |     1 ||     1
  Use: Potion            |       |       |     3 ||     3
       Scroll            |       |       |     1 ||     1
  Eat: Ration            |       |       |     1 ||     1
Armor: Animal skin       |     1 |       |       ||     1
       Scale mail        |       |     2 |    40 ||    42
Dodge: Dodged            |     3 |    10 |    66 ||    79
       Rpst.: Falchion   |     2 |     2 |    11 ||    15
